 Dungeon Crawl Stone Soup version 0.29.1-1-gd02db6906a (webtiles) character file.

Game seed: 1487744379918973744

218 adizb the Trooper (level 5, -3/42 (43) HPs)
             Began as a Demonspawn Gladiator on Sept 17, 2022.
             Slain by Crazy Yiuf
             ... wielding a +2 quarterstaff of chaos
              (12 damage)
             ... on level 2 of the Dungeon.
             The game lasted 00:07:43 (1561 turns).

adizb the Trooper (Demonspawn Gladiator)            Turns: 1561, Time: 00:07:43

HP:   -3/42 (43)    AC:  5    Str: 17    XL:     5   Next: 63%
MP:   5/5           EV: 12    Int:  9    God:
Gold: 58            SH:  0    Dex: 18    Spells: 4/4 levels left

rFire   . . .      SeeInvis .   m - +0 short sword
rCold   . . .      Faith    .   (no shield)
rNeg    . . .      Spirit   .   b - +0 leather armour
rPois   +          Reflect  .   c - +1 helmet
rElec   .          Harm     .   (no cloak)
rCorr   .          Rampage  .   (no gloves)
Will    .....                   (no boots)
Stlth   ++++......              (no amulet)
HPRegen 0.14/turn               j - ring of poison resistance
MPRegen 0.09/turn               (no ring)

@: lightly drained
A: thin skeletal structure 2, weakness stinger 1
a: no special abilities


You were on level 2 of the Dungeon.
You visited 1 branch of the dungeon, and saw 2 of its levels.

You collected 127 gold pieces.
You spent 69 gold pieces at shops.

Inventory:

Hand Weapons
 m - a +0 short sword (weapon)
Missiles
 d - 3 throwing nets (quivered)
 e - a javelin
Armour
 b - a +0 leather armour (worn)
 c - a +1 helmet (worn)
Jewellery
 j - a ring of poison resistance (left hand)
Scrolls
 g - a scroll of teleportation
Potions
 a - a potion of lignification {unknown}
 f - 3 potions of flight {unknown}
 h - a potion of haste
 i - a potion of attraction {unknown}
 k - a potion of curing
 l - 2 potions of degeneration {unknown}


   Skills:
 + Level 4.3 Fighting
 * Level 1.9 Short Blades
 - Level 3.0 Maces & Flails
 - Level 1.7 Throwing
 - Level 1.1 Armour
 - Level 2.6 Dodging
 + Level 1.9 Stealth


You had 4 spell levels left.
You didn't know any spells.
Your spell library was empty.

Dungeon Overview and Level Annotations

Branches:
Dungeon (2/15)

Altars:

Shops:
D:2 *?=[:

Annotations:
D:2 Crazy Yiuf


Innate Abilities, Weirdness & Mutations

You have a moderately thin skeletal structure. (Dex +4, Stealth++)
You have a small tail.


Message History

There is an entrance to Orremieh's Book Emporium here.
Found 4 stones.
You see here 4 stones.
Found a knobbly diamond ring.
j - a ring of poison resistance
Found 17 gold pieces.
j - a ring of poison resistance (left hand)
You now have 58 gold pieces (gained 17).
You see here a +0 club.
Found 5 stones.
Found a hammer.
Found a runed translucent door.
Crazy Yiuf shouts!
Crazy Yiuf says, "Mugger!"
You open the door. You hit Crazy Yiuf but do no damage.
Crazy Yiuf hits you with a +2 quarterstaff of chaos.
You feel drained.
You hit Crazy Yiuf but do no damage. Crazy Yiuf misses you.
You hit Crazy Yiuf but do no damage.
Your tail-slap misses Crazy Yiuf.
Crazy Yiuf closely misses you.
You hit Crazy Yiuf.
Crazy Yiuf is lightly wounded.
Crazy Yiuf closely misses you.
You hit Crazy Yiuf but do no damage.
Crazy Yiuf is lightly wounded.
Crazy Yiuf says, "Flower!
East high infinity."
Crazy Yiuf hits you with a +2 quarterstaff of chaos!
You hit Crazy Yiuf but do no damage. You punch Crazy Yiuf, but do no damage.
Crazy Yiuf misses you.
You barely miss Crazy Yiuf.
Your tail-slap misses Crazy Yiuf.
Crazy Yiuf glowers.
Crazy Yiuf hits you with a +2 quarterstaff of chaos.
You closely miss Crazy Yiuf.
You tail-slap Crazy Yiuf, but do no damage.
Crazy Yiuf hits you with a +2 quarterstaff of chaos!
Crazy Yiuf burns you.
* * * LOW HITPOINT WARNING * * *
Crazy Yiuf attacks as you move away!
Crazy Yiuf hits you with a +2 quarterstaff of chaos!
You die...

.#.######..###....#
#..>.......# #+..+#
.......##..# ♣♣...♣
#......##..# ♣...♣♣
.#..).<##..# ♣♣.♣♣
.......##..# ♣.♣♣
.....####### ♣♣.♣
....## ♣.♣♣
...##### ♣♣@♣
.......# #g#
.......# ...
.......# ## #...#
......<###.# #..)#
.......##..# #####
#......##.#
#......##.#
#......##.#######


You could see Crazy Yiuf.

Vanquished Creatures
  Sigmund (D:2)
  2 adders (D:2)
  A gnoll (D:1)
  2 dart slugs (D:2)
  4 bats
  6 endoplasms
  A giant cockroach (D:2)
  3 goblins
  A hobgoblin (D:1)
  2 quokkas
  2 ball pythons
  3 frilled lizards
  3 kobolds (D:1)
  6 rats
37 creatures vanquished.

Notes
Turn   | Place    | Note
-------+----------+-------------------------------------------
     0 | D:1      | adizb the Demonspawn Gladiator began the quest for the Orb.
     0 | D:1      | Reached XP level 1. HP: 16/16 MP: 1/1
   147 | D:1      | Gained mutation: You have a small tail. [demonic ancestry]
   147 | D:1      | Reached XP level 2. HP: 14/23 MP: 2/2
   869 | D:2      | Found Orremieh's Book Emporium.
   873 | D:2      | Reached skill level 3 in Fighting
   873 | D:2      | Reached skill level 1 in Armour
   873 | D:2      | Gained mutation: You have a somewhat thin skeletal
                  | structure. (Dex +2, Stealth+) [demonic ancestry]
   873 | D:2      | Reached XP level 3. HP: 20/29 MP: 3/3
   937 | D:2      | Noticed Sigmund
  1089 | D:2      | Killed Sigmund
  1090 | D:2      | Reached skill level 4 in Fighting
  1090 | D:2      | Reached skill level 1 in Short Blades
  1090 | D:2      | Reached skill level 1 in Stealth
  1090 | D:2      | Gained mutation: You have a moderately thin skeletal
                  | structure. (Dex +4, Stealth++) [demonic ancestry]
  1090 | D:2      | Reached XP level 4. HP: 25/37 MP: 4/4
  1090 | D:2      | Reached XP level 5. HP: 29/42 MP: 5/5
  1102 | D:2      | Found Iqieciq's Antique Armour Shop.
  1157 | D:2      | Found Guuz Sud's Assorted Antiques.
  1166 | D:2      | Bought a glowing clear potion for 22 gold pieces
  1166 | D:2      | Bought a scroll labelled QIQOATTISSO for 25 gold pieces
  1166 | D:2      | Bought a glowing clear potion for 22 gold pieces
  1211 | D:2      | Found Tuumm's Magic Scroll Emporium.
  1360 | D:2      | Found Decel's Jewellery Emporium.
  1548 | D:2      | Found a runed translucent door.
  1549 | D:2      | Noticed Crazy Yiuf
  1561 | D:2      | Slain by Crazy Yiuf

Illustrated notes

Levels and vault maps discovered:
D:1:      erik_arrival_cave_to_civilisation [erik_arrival_cave_to_hall],
          layout_basic, amcnicky_mini_pool_small
D:2:      layout_rooms, serial_shops, nicolae_shop_overgrown_old_shop, shop,
          nicolae_shop_advertising_works [nicolae_subvault_shop_adworks], shop,
          nicolae_diamond_shop, uniq_sigmund, uniq_crazy_yiuf_cottage

Skill      XL: |  1  2  3 |
---------------+----------+-----
Maces & Flails | 3 |  3.0
Fighting       | 3 4 |  4.3
Armour         | 1 |  1.1
Short Blades   | 1 |  1.9
Stealth        | 1 |  1.9
Throwing       | |  1.7
Dodging        | |  2.6

Action                   |  1- 3 |  4- 6 || total
-------------------------+-------+-------++-------
Melee: Flail             |    55 |       ||    55
       Tailslap          |     5 |     6 ||    11
       Punch             |     3 |     1 ||     4
       Short sword       |    26 |    63 ||    89
  Use: Potion            |     1 |     1 ||     2
       Scroll            |       |     4 ||     4
 Stab: Sleeping          |     2 |     4 ||     6
Armor: Leather armour    |    24 |    13 ||    37
Dodge: Dodged            |    43 |    45 ||    88
